 Dungeon Crawl Stone Soup version 0.29-a0-824-gd827844252 (webtiles) character file.

Game seed: 2406766212094399121

781 indigestion the Digger (level 8, -2/58 HPs)
             Began as a Human Fighter on July 11, 2022.
             Slain by Menkaure (7 damage)
             ... on level 5 of the Dungeon.
             The game lasted 00:13:24 (7079 turns).

indigestion the Digger (Human Fighter)              Turns: 7079, Time: 00:13:25

Health: -2/58      AC:  8    Str: 16      XL:     8   Next: 11%
Magic:  13/13      EV:  9    Int: 11      God:
Gold:   296        SH:  4    Dex: 12 (13) Spells: 13/14 levels left

rFire   . . .      SeeInvis .   a - +0 war axe
rCold   . . .      Faith    .   c - +0 buckler
rNeg    . . .      Spirit   .   m - +0 ring mail of Elyvilon's Regard {+Blink Will+}
rPois   .          Reflect  .   (no helmet)
rElec   .          Harm     .   (no cloak)
rCorr   .          Rampage  .   i - +0 pair of gloves
Will    +....                   j - +0 pair of boots
Stlth   ..........              (no amulet)
HPRegen 0.19/turn               (no ring)
MPRegen 0.13/turn               (no ring)

@: silenced
A: no striking features
a: Evoke Blink


You were on level 5 of the Dungeon.
You visited 1 branch of the dungeon, and saw 5 of its levels.

You collected 316 gold pieces.
You spent 20 gold pieces at shops.

Inventory:

Hand Weapons
 a - a +0 war axe (weapon)
Armour
 b - a +0 scale mail
 c - a +0 buckler (worn)
 i - a +0 pair of gloves (worn)
 j - a +0 pair of boots (worn)
 m - the +0 ring mail of Elyvilon's Regard (worn) {+Blink Will+}
   (You found it on level 2 of the Dungeon)

   +Blink:    It lets you blink.
   Will:      It increases your willpower.
Scrolls
 d - 2 scrolls of poison {unknown}
 e - 8 scrolls of identify
 g - a scroll of noise
 h - a scroll of amnesia
 k - 2 scrolls of torment {unknown}
 l - a scroll of fear {unknown}
 n - a scroll of enchant weapon {unknown}


   Skills:
 - Level 3.5 Fighting
 - Level 2.7 Axes
 - Level 3.5 Armour
 - Level 3.5 Shields
 + Level 3.6 Spellcasting
 + Level 4.1 Earth Magic
 + Level 4.0 Evocations


You had 13 spell levels left.
You knew the following spells:

 Your Spells              Type           Power      Damage    Failure   Level
a - Sandblast             Erth           22%        2d7       11%         1

Your spell library contained the following spells:

 Spells                   Type           Power      Damage    Failure   Level
 Passwall                 Tmut/Erth      5%         N/A       36%         2
 Stone Arrow              Conj/Erth      12%        3d7       61%         3


Dungeon Overview and Level Annotations

Branches:
Dungeon (5/15)
 Temple: D:4-7

Altars:

Shops:
D:1 [?*

Annotations:
D:5 Menkaure


Message History

You closely miss the phantom.
The phantom is moderately damaged.
You block the phantom's attack. x2
You slash the phantom!
The phantom is severely damaged.
The phantom hits you.
The phantom blinks!
You blink.
Menkaure, Prince of Dust comes into view.
The helpless Menkaure fails to defend himself.
You hit Menkaure but do no damage. You closely miss the phantom.
The phantom hits you.
The phantom hits you but does no damage.
Menkaure casts a spell.
Menkaure seems to speed up.
You closely miss the phantom.
The phantom is severely damaged.
You hit Menkaure. Menkaure hits you! The phantom hits you.
The phantom blinks!
You blink.
You slash the phantom!
You destroy the phantom!
Menkaure casts a spell at you. You resist with some effort.
Your Earth Magic skill increases to level 4!
Your Evocations skill increases to level 4!
You hit Menkaure.
Menkaure is moderately damaged.
Menkaure draws the symbol "Udjat" in the dust.
Menkaure hits you! x2
* * * LOW HITPOINT WARNING * * *
You are too injured to fight recklessly!
You aren't carrying any potions.
Okay, then.
As you read the scroll labelled KUTUG WEUMIT, it crumbles to dust.
A profound silence engulfs you.
It was a scroll of silence.
You block Menkaure's attack.
You hit Menkaure.
Menkaure is heavily damaged.
Menkaure hits you!
* * * LOW HITPOINT WARNING * * *
Menkaure hits you!
You die...

#.#..#.......#
#.#..........#
#.#..#.......#
####.#..#<....#.#
.................
###.#..#.....#.#
#ยง#..##......#
#####.#...........
........M@.?........
#######)#..........#
#.##########.# #.#
.# #.# #.# #.#


You could see Menkaure (fast).

Vanquished Creatures
  A black bear (D:4)
  An ogre (D:4)
  A phantom (D:5)
  A scorpion (D:3)
  2 hounds
  A gnoll bouda (D:3)
  An orc priest (D:3)
  An iguana (D:4)
  Terence (D:3)
  An orc wizard (D:4)
  5 adders
  11 gnolls
  4 worms
  15 orcs
  5 bats
  An endoplasm (D:2)
  7 giant cockroaches
  6 goblins
  6 hobgoblins
  6 jackals
  7 quokkas
  9 ball pythons
  7 frilled lizards
  5 kobolds
  10 rats
115 creatures vanquished.

Vanquished Creatures (others)
  4 plants (D:1)
4 creatures vanquished.

Grand Total: 119 creatures vanquished

Notes
Turn   | Place    | Note
-------+----------+-------------------------------------------
     0 | D:1      | indigestion the Human Fighter began the quest for the Orb.
     0 | D:1      | Reached XP level 1. HP: 18/18 MP: 1/1
   143 | D:1      | Reached XP level 2. HP: 21/24 MP: 2/2
   178 | D:1      | Found Astrek's Armour Emporium.
   294 | D:1      | Found Icievin's Antique Armour Shoppe.
   440 | D:1      | Reached XP level 3. HP: 29/29 MP: 3/3
   444 | D:1      | Found Foqatuwk's General Store.
   888 | D:1      | Found Dyuhakk's Magic Scroll Boutique.
   895 | D:1      | Bought a scroll of identify for 20 gold pieces
   947 | D:1      | Found a faded altar of an unknown god.
  1233 | D:2      | HP: 1/29 [orc/+0 trident (1)]
  1556 | D:2      | Identified the +0 ring mail of Elyvilon's Regard {+Blink
                  | Will+}
  1830 | D:2      | Reached XP level 4. HP: 35/35 MP: 4/4
  1987 | D:2      | Learned a level 1 spell: Sandblast
  2268 | D:3      | Reached XP level 5. HP: 41/41 MP: 5/5
  2454 | D:3      | Reached skill level 1 in Spellcasting
  2454 | D:3      | Reached skill level 1 in Earth Magic
  2454 | D:3      | Reached skill level 1 in Evocations
  2868 | D:3      | Noticed Terence
  2885 | D:3      | Killed Terence
  2915 | D:3      | Reached XP level 6. HP: 40/47 MP: 8/8
  3582 | D:4      | Noticed an ogre
  3619 | D:4      | Killed an ogre
  4465 | D:3      | Reached XP level 7. HP: 25/52 MP: 10/10
  6938 | D:4      | Reached XP level 8. HP: 58/58 MP: 13/13
  7065 | D:5      | Entered Level 5 of the Dungeon
  7072 | D:5      | Noticed Menkaure
  7079 | D:5      | Slain by Menkaure

Illustrated notes

Levels and vault maps discovered:
D:1:      saegor_arrival_under_anarchy, layout_basic,
          dilly_ecumenical_altar_fadedgnrine, serial_shops, nicolae_shop_trees,
          shop_statue, nicolae_shop_behind_doors, shop
D:2:      layout_rooms
D:3:      layout_rooms, uniq_terence
D:4:      layout_rooms
D:5:      layout_basic, nicolae_overflow_hidden_temple, fountainhead,
          uniq_menkaure

Skill      XL: |  1  2  3  4  5  6  7  8 |
---------------+-------------------------+-----
Spellcasting   | 1 2 3 |  3.6
Earth Magic    | 1 2 3 4 |  4.1
Evocations     | 1 2 3 4 |  4.0
Fighting       | |  3.5
Axes           | |  2.7
Armour         | |  3.5
Shields        | |  3.5

Action                   |  1- 3 |  4- 6 |  7- 9 || total
-------------------------+-------+-------+-------++-------
Melee: War axe           |   100 |   215 |   138 ||   453
 Abil: Evoke Blink       |     1 |     1 |       ||     2
  Use: Potion            |     1 |     1 |       ||     2
       Scroll            |       |     4 |     1 ||     5
 Stab: Sleeping          |       |       |     1 ||     1
Armor: Scale mail        |    56 |       |       ||    56
       Ring mail         |     2 |   104 |    68 ||   174
Dodge: Dodged            |    57 |   125 |    67 ||   249
Block: Buckler           |    28 |    80 |    35 ||   143

Table legend: (Time is in decaauts)
 A = Elapsed time spent in this place.
 B = Non-inter-level travel time spent in this place.
 C = Inter-level travel time spent in this place.
 D = Time resting spent in this place.
 E = Time spent auto-exploring this place.
 F = Levels seen in this place.
 G = Mean time per level.
                   A        B        C        D        E       F      G
               +--------+--------+--------+--------+--------+-----+--------+
         Total |   7282 |   7110 |    172 |   3701 |   2053 |   5 | 1456.4 |
       Dungeon |   7282 |   7110 |    172 |   3701 |   2053 |   5 | 1456.4 |
               +--------+--------+--------+--------+--------+-----+--------+

Top non-repeatable levels by time:
     D:3: 3286 daAuts
     D:4: 1389 daAuts
     D:1: 1304 daAuts
     D:2: 1284 daAuts
     D:5: 17 daAuts
